MLB
ST. LOUIS CARDINALS @ SEATTLE MARINERS
09/07/2098
 
TOP OF THE 1ST
St. Louis Cardinals batting - Pitching for Seattle Mariners : LHP Luis Lopez
Pitching: LHP Luis Lopez
Batting: RHB Jayden Whaley 0-0: Ball
1-0: Ball
2-0: Fly out, F4 (Popup, 34S, EV 73.8 MPH)
Batting: RHB Jeff Saxton 0-0: Ball
1-0: Called Strike
1-1: Called Strike
1-2: SOLO HOME RUN (Flyball, 7D, EV 96.9 MPH), Distance : 370 ft
Batting: RHB Ryan Collier 0-0: Ball
1-0: Foul Ball, location: 2F
1-1: Ball
2-1: Swinging Strike
2-2: Strikes out looking
Batting: RHB Jesus Guzman 0-0: Called Strike
0-1: Swinging Strike
0-2: Strikes out swinging
Top of the 1st over - 1 run, 1 hit, 0 errors, 0 left on base; St. Louis 1 - Seattle 0
BOTTOM OF THE 1ST
Seattle Mariners batting - Pitching for St. Louis Cardinals : LHP David Avery
Pitching: LHP David Avery
Batting: RHB Jonathan Becktell 0-0: Foul Ball, location: 25FF
0-1: Ground out 1-3 (Groundball, 34S, EV 71.3 MPH)
Batting: SHB John Brownfield 0-0: Foul Ball, location: 7LDF
0-1: Ground out 6-3 (Groundball, 6, EV 110.0 MPH)
Batting: RHB Jaime Callahan 0-0: Called Strike
0-1: Ball
1-1: Called Strike
1-2: Ball
2-2: Strikes out looking
Bottom of the 1st over - 0 runs, 0 hits, 0 errors, 0 left on base; St. Louis 1 - Seattle 0
TOP OF THE 2ND
St. Louis Cardinals batting - Pitching for Seattle Mariners : LHP Luis Lopez
Batting: LHB Jeremiah Ford 0-0: Ball
1-0: Reached on error, E3 (Groundball, 34, EV 104.4 MPH)
Batting: RHB Gabe Vega 0-0: Bunted foul
0-1: Swinging Strike
Jeremiah Ford is caught stealing 2nd base 2-4
0-2: Foul Ball, location: 2F
0-2: SINGLE (Groundball, 6MD, EV 105.0 MPH)
Pitching: RHP Danny Enriquez
Batting: RHB David Martinez 0-0: Foul Ball, location: 2F
0-1: Foul Ball, location: 2F
0-2: Foul Ball, location: 2F
0-2: Hit by Pitch
Gabe Vega to second
Batting: RHB Brodie Herian 0-0: Ball
1-0: Ball
2-0: SINGLE (Line Drive, 78M, EV 98.1 MPH)
Gabe Vega to third
David Martinez to second
Batting: LHB Brett Rinehart 0-0: TRIPLE (Groundball, 5L, EV 111.3 MPH)
Gabe Vega scores
David Martinez scores
Brodie Herian scores
Batting: RHB Jayden Whaley 0-0: Ball
1-0: Called Strike
1-1: SINGLE (Line Drive, 7S, EV 98.8 MPH)
Brett Rinehart scores
Pitching: RHP Trevor Killy
Batting: RHB Jeff Saxton 0-0: Called Strike
0-1: Swinging Strike
0-2: Strikes out looking
Batting: RHB Ryan Collier 0-0: Ball
1-0: Ball
2-0: Ball
3-0: Base on Balls
Jayden Whaley to second
Batting: RHB Jesus Guzman 0-0: Called Strike
0-1: DOUBLE (Line Drive, 7LD, EV 106.9 MPH)
Jayden Whaley scores
Ryan Collier to third
Batting: LHB Jeremiah Ford 0-0: Ball
1-0: Foul Ball, location: 7LDF
1-1: Foul Ball, location: 7LSF
1-2: Ball
2-2: Foul Ball, location: 7LSF
2-2: Strikes out swinging
Top of the 2nd over - 5 runs, 5 hits, 1 error, 2 left on base; St. Louis 6 - Seattle 0
BOTTOM OF THE 2ND
Seattle Mariners batting - Pitching for St. Louis Cardinals : LHP David Avery
Batting: RHB Dan Shell 0-0: Ball
1-0: Swinging Strike
1-1: Called Strike
1-2: Ball
2-2: Strikes out swinging
Batting: RHB Kenny Dahl 0-0: Ball
1-0: Ball
2-0: DOUBLE (Groundball, 5L, EV 94.4 MPH)
Batting: RHB Brad Bargfrede 0-0: Foul Ball, location: 5F
0-1: Hit by Pitch
Batting: LHB Jon Garza 0-0: Ball
1-0: Swinging Strike
1-1: Called Strike
1-2: Strikes out looking
Batting: RHB John Ables 0-0: Fly out, F9 (Flyball, 9, EV 85.0 MPH)
Bottom of the 2nd over - 0 runs, 1 hit, 0 errors, 2 left on base; St. Louis 6 - Seattle 0
TOP OF THE 3RD
St. Louis Cardinals batting - Pitching for Seattle Mariners : RHP Trevor Killy
Batting: RHB Gabe Vega 0-0: Called Strike
0-1: Ball
1-1: Swinging Strike
1-2: Ball
2-2: SINGLE (Line Drive, 78S, EV 100.6 MPH)
Batting: RHB David Martinez 0-0: SINGLE (Flyball, 8LS, EV 94.4 MPH)
Gabe Vega to second
Runner from 2nd tries for 3rd, SAFE, throw by CF made to third
Batting: RHB Brodie Herian 0-0: Called Strike
0-1: Grounds into double play, 6-4-3 (Groundball, 6M, EV 84.4 MPH)
Gabe Vega scores
Batting: LHB Brett Rinehart 0-0: Called Strike
0-1: Foul Ball, location: 25F
0-2: Strikes out looking
Top of the 3rd over - 1 run, 2 hits, 0 errors, 0 left on base; St. Louis 7 - Seattle 0
BOTTOM OF THE 3RD
Seattle Mariners batting - Pitching for St. Louis Cardinals : LHP David Avery
Batting: SHB Rob Brady 0-0: Ground out 5-3 (Groundball, 56S, EV 90.6 MPH)
Batting: RHB Jonathan Becktell 0-0: Called Strike
0-1: SINGLE (Groundball, 6MD, EV 104.4 MPH)
Batting: SHB John Brownfield 0-0: DOUBLE (Flyball, 8LXD, EV 99.4 MPH)
Jonathan Becktell to third
Runner from 3rd tries for Home, SAFE, throw by CF to trailing runner, SAFE at third!
Batting: RHB Jaime Callahan 0-0: Called Strike
0-1: Ball
1-1: Foul Ball, location: 2F
1-2: Foul Ball, location: 2F
1-2: Ball
2-2: Fly out, F8 (Flyball, 8LM, EV 94.4 MPH)
Runner from 3rd tags up, SCORES, throw by CF
Batting: RHB Dan Shell 0-0: Fly out, F9 (Line Drive, 9, EV 98.1 MPH)
Bottom of the 3rd over - 2 runs, 2 hits, 0 errors, 0 left on base; St. Louis 7 - Seattle 2
TOP OF THE 4TH
St. Louis Cardinals batting - Pitching for Seattle Mariners : RHP Trevor Killy
Batting: RHB Jayden Whaley 0-0: Ground out 5-3 (Groundball, 56, EV 104.4 MPH)
Batting: RHB Jeff Saxton 0-0: Swinging Strike
0-1: Foul Ball, location: 5F
0-2: Ball
1-2: SINGLE (Line Drive, 9S, EV 104.4 MPH)
Batting: RHB Ryan Collier 0-0: Called Strike
0-1: Ball
1-1: Swinging Strike
1-2: Fly out, F4 (Flyball, 4D, EV 89.4 MPH)
Pitching: RHP Brad Thomas
Batting: RHB Jesus Guzman 0-0: Swinging Strike
0-1: Foul Ball, location: 2F
0-2: Ball
1-2: Ball
2-2: Foul Ball, location: 2F
2-2: Fly out, F7 (Flyball, 78S, EV 90.6 MPH)
Top of the 4th over - 0 runs, 1 hit, 0 errors, 1 left on base; St. Louis 7 - Seattle 2
BOTTOM OF THE 4TH
Seattle Mariners batting - Pitching for St. Louis Cardinals : LHP David Avery
Batting: RHB Kenny Dahl 0-0: SINGLE (Line Drive, 3D, EV 98.8 MPH)
Batting: RHB Brad Bargfrede 0-0: SINGLE (Line Drive, 6MD, EV 95.0 MPH)
Kenny Dahl to second
Runner from 2nd tries for 3rd, SAFE, throw by CF made to third
Batting: LHB Jon Garza 0-0: Called Strike
0-1: Ball
1-1: SINGLE (Groundball, 34, EV 84.4 MPH) (infield hit)
Kenny Dahl scores
Brad Bargfrede to second
Batting: RHB John Ables 0-0: Called Strike
0-1: Ball
1-1: SINGLE (Line Drive, 78M, EV 100.0 MPH)
Brad Bargfrede to third
Jon Garza to second
Batting: SHB Rob Brady 0-0: Called Strike
0-1: Swinging Strike
0-2: Strikes out swinging
Batting: RHB Jonathan Becktell 0-0: Foul Ball, location: 9LDF
0-1: Foul Ball, location: 9LDF
0-2: SINGLE (Groundball, 56D, EV 95.0 MPH)
Brad Bargfrede scores
Jon Garza to third
John Ables to second
Batting: SHB John Brownfield 0-0: Called Strike
0-1: Called Strike
0-2: Strikes out swinging
Batting: RHB Jaime Callahan 0-0: Called Strike
0-1: Foul Ball, location: 2F
0-2: Ball
1-2: Ball
2-2: Foul Ball, location: 2F
2-2: Ball
3-2: Ground out 6-3 (Groundball, 6, EV 81.9 MPH)
Bottom of the 4th over - 2 runs, 5 hits, 0 errors, 3 left on base; St. Louis 7 - Seattle 4
TOP OF THE 5TH
St. Louis Cardinals batting - Pitching for Seattle Mariners : RHP Brad Thomas
Batting: LHB Jeremiah Ford 0-0: Called Strike
0-1: Ball
1-1: Ground out 5-3 (Groundball, 56, EV 93.8 MPH)
Batting: RHB Gabe Vega 0-0: Swinging Strike
0-1: Ball
1-1: Ball
2-1: Swinging Strike
2-2: Ball
3-2: Foul Ball, location: 2LF
3-2: SINGLE (Flyball, 6D, EV 95.6 MPH)
Batting: RHB David Martinez 0-0: Called Strike
0-1: Fielders Choice at 2nd, 6-4 (Groundball, 6, EV 88.1 MPH)
Batting: RHB Brodie Herian 0-0: Ball
1-0: Ball
2-0: Called Strike
2-1: Foul Ball, location: 2F
2-2: Ball
3-2: SINGLE (Flyball, 6MD, EV 94.4 MPH)
David Martinez to second
David Martinez to third
Batting: LHB Brett Rinehart 0-0: Ball
1-0: Foul Ball, location: 2F
1-1: Ball
2-1: Ball
3-1: Base on Balls
Brodie Herian to second
Pitching: RHP Luis Reyes
Batting: RHB Jayden Whaley 0-0: Foul Ball, location: 9LMF
0-1: Foul Ball, location: 2F
0-2: Ball
1-2: Ball
2-2: Foul Ball, location: 2F
2-2: Ball
3-2: Strikes out looking
Top of the 5th over - 0 runs, 2 hits, 0 errors, 3 left on base; St. Louis 7 - Seattle 4
BOTTOM OF THE 5TH
Seattle Mariners batting - Pitching for St. Louis Cardinals : LHP David Avery
Batting: RHB Dan Shell 0-0: Ball
1-0: Ball
2-0: Fly out, F7 (Flyball, 7, EV 96.9 MPH)
Batting: RHB Kenny Dahl 0-0: Ball
1-0: Called Strike
1-1: Ball
2-1: Swinging Strike
2-2: Foul Ball, location: 9LSF
2-2: Foul Ball, location: 2F
2-2: Strikes out swinging
Batting: RHB Brad Bargfrede 0-0: Ball
1-0: SINGLE (Line Drive, 89S, EV 95.6 MPH)
Batting: LHB Jon Garza 0-0: Ball
1-0: Ground out 4-3 (Groundball, 4, EV 99.4 MPH)
Bottom of the 5th over - 0 runs, 1 hit, 0 errors, 1 left on base; St. Louis 7 - Seattle 4
TOP OF THE 6TH
St. Louis Cardinals batting - Pitching for Seattle Mariners : RHP Luis Reyes
Batting: RHB Jeff Saxton 0-0: Fly out, F8 (Flyball, 8LM, EV 91.9 MPH)
Batting: RHB Ryan Collier 0-0: Ball
1-0: Ball
2-0: Ball
3-0: Called Strike
3-1: Called Strike
3-2: SINGLE (Line Drive, 6MD, EV 94.4 MPH)
Batting: RHB Jesus Guzman 0-0: Ball
1-0: Called Strike
1-1: Ball
2-1: Grounds into double play, 6-4-3 (Groundball, 6, EV 90.6 MPH)
Top of the 6th over - 0 runs, 1 hit, 0 errors, 0 left on base; St. Louis 7 - Seattle 4
BOTTOM OF THE 6TH
Seattle Mariners batting - Pitching for St. Louis Cardinals : LHP David Avery
Batting: RHB John Ables 0-0: Called Strike
0-1: Ball
1-1: Ball
2-1: Foul Ball, location: 9LMF
2-2: Ball
3-2: Base on Balls
Batting: SHB Rob Brady 0-0: Swinging Strike
0-1: Ball
1-1: Swinging Strike
1-2: Strikes out looking
Batting: RHB Jonathan Becktell 0-0: Foul Ball, location: 2F
0-1: SINGLE (Groundball, 5S, EV 69.4 MPH)
John Ables to second
John Ables to third
Batting: SHB John Brownfield 0-0: SINGLE (Line Drive, 7LS, EV 93.8 MPH)
John Ables scores
Jonathan Becktell to second
Pitching: RHP Josh Miller
Batting: RHB Jaime Callahan 0-0: Ball
1-0: Called Strike
1-1: Called Strike
1-2: Foul Ball, location: 2F
1-2: Fielders Choice at 2nd, 5-4 (Groundball, 56, EV 88.1 MPH)
Jonathan Becktell to third
Pinch Hitting: LHB Matt Hicks 0-0: Ball
1-0: Ball
2-0: SINGLE (Groundball, 4D, EV 98.1 MPH)
Jonathan Becktell scores
Jaime Callahan to second
Runner from 2nd tries for 3rd, SAFE, throw by RF made to third
Pinch Hitting: LHB Sean Jensen 0-0: Fly out, F7 (Flyball, 78S, EV 80.0 MPH)
Bottom of the 6th over - 2 runs, 3 hits, 0 errors, 2 left on base; St. Louis 7 - Seattle 6
TOP OF THE 7TH
St. Louis Cardinals batting - Pitching for Seattle Mariners : RHP Luis Reyes
Pitching: RHP Tony Soto
Now at 2B: Jonathan Becktell
Now at 3B: Rob Brady
Now in LF: Sean Jensen
Now in RF: Matt Hicks
Batting: LHB Jeremiah Ford 0-0: Ball
1-0: DOUBLE (Line Drive, 89D, EV 100.6 MPH)
Pinch Hitting: SHB Bryan Smolka 0-0: Ball
1-0: Called Strike
1-1: Swinging Strike
1-2: Ball
2-2: Strikes out looking
Batting: RHB David Martinez 0-0: Called Strike
0-1: Ball
1-1: Called Strike
1-2: Strikes out swinging
Pinch Hitting: LHB Jonathan Steben 0-0: Ball
Wild Pitch!
Jeremiah Ford to third
1-0: Foul Ball, location: 7LMF
1-1: Foul Ball, location: 2F
1-2: Foul Ball, location: 7LMF
1-2: Foul Ball, location: 7LMF
1-2: Ball
2-2: Fly out, F9 (Flyball, 9, EV 95.6 MPH)
Top of the 7th over - 0 runs, 1 hit, 0 errors, 1 left on base; St. Louis 7 - Seattle 6
BOTTOM OF THE 7TH
Seattle Mariners batting - Pitching for St. Louis Cardinals : RHP Josh Miller
Now at 3B: Ricky Rios
Now at SS: Izzy Mina
Now in LF: David Martinez
Now in RF: Jeremy Littlefield
Batting: RHB Brad Bargfrede 0-0: Fly out, F6 (Popup, 6M, EV 60.0 MPH)
Pitching: LHP Edarian Anderson
Pinch Hitting: RHB Joe Weber 0-0: Hit by Pitch
Batting: RHB John Ables 0-0: Ball
1-0: Foul Ball, location: 9LSF
1-1: Ground out 4-3 (Groundball, 4S, EV 75.6 MPH)
Joe Weber to second
Pinch Hitting: RHB Anton Ortega 0-0: Ball
1-0: Ball
2-0: DOUBLE (Flyball, 89XD, EV 108.1 MPH)
Joe Weber scores
Batting: RHB Jonathan Becktell 0-0: Called Strike
0-1: Ball
1-1: SINGLE (Line Drive, 9S, EV 110.0 MPH)
Anton Ortega to third
Runner from 3rd tries for Home, SAFE, throw by RF to home
Batting: SHB John Brownfield 0-0: Ball
1-0: Foul Ball, location: 2F
1-1: Foul Ball, location: 9LSF
1-2: Ball
2-2: Foul Ball, location: 2F
2-2: Foul Ball, location: 23F
2-2: Ball
3-2: Base on Balls
Jonathan Becktell to second
Batting: RHB Jaime Callahan 0-0: Called Strike
0-1: Foul Ball, location: 2F
0-2: Ground out 4-3 (Groundball, 4, EV 81.9 MPH)
Bottom of the 7th over - 2 runs, 2 hits, 0 errors, 2 left on base; St. Louis 7 - Seattle 8
TOP OF THE 8TH
St. Louis Cardinals batting - Pitching for Seattle Mariners : RHP Tony Soto
Now at 3B: Joe Weber
Now in CF: Ben Foster
Batting: LHB Brett Rinehart 0-0: Foul Ball, location: 2F
0-1: Swinging Strike
0-2: Foul Ball, location: 9LMF
0-2: Foul Ball, location: 3DF
0-2: Ball
1-2: SINGLE (Groundball, 56S, EV 68.8 MPH) (infield hit)
Pitching: RHP Gary Kennedy
Pinch Hitting: LHB Willie Martinez 0-0: Called Strike
0-1: Foul Ball, location: 2RF
0-2: Foul Ball, location: 2F
0-2: Ball
1-2: Reached on error, E3 (Groundball, 3, EV 109.4 MPH)
Brett Rinehart to second
Batting: LHB Jeremy Littlefield 0-0: Swinging Strike
0-1: Bunted foul
0-2: Ball
1-2: Grounds into double play, 5-4-3 (Groundball, 56, EV 85.0 MPH)
Brett Rinehart to third
Batting: RHB Ryan Collier 0-0: Ball
1-0: Ball
2-0: Foul Ball, location: 25F
2-1: Ball
3-1: Foul Ball, location: 9LMF
3-2: Fly out, F9 (Flyball, 9D, EV 98.8 MPH)
Top of the 8th over - 0 runs, 1 hit, 1 error, 1 left on base; St. Louis 7 - Seattle 8
BOTTOM OF THE 8TH
Seattle Mariners batting - Pitching for St. Louis Cardinals : LHP Edarian Anderson
Now at 2B: Willie Martinez
Batting: LHB Matt Hicks 0-0: Ground out 3-1 (Groundball, 34S, EV 81.9 MPH)
Batting: LHB Sean Jensen 0-0: Foul Ball, location: 23F
0-1: Foul Ball, location: 2F
0-2: Foul Ball, location: 3FF
0-2: Foul Ball, location: 2F
0-2: Foul Ball, location: 9LDF
0-2: Foul Ball, location: 2F
0-2: Ball
1-2: Ball
2-2: Ball
3-2: Strikes out swinging
Batting: RHB Brad Bargfrede 0-0: Foul Ball, location: 2RF
0-1: Ball
1-1: Called Strike
1-2: SINGLE (Groundball, 4MD, EV 93.8 MPH)
Pitching: RHP Danny Ferguson
Batting: RHB Joe Weber 0-0: Hit by Pitch
Brad Bargfrede to second
Pinch Hitting: LHB Keith Bundy 0-0: Swinging Strike
0-1: Foul Ball, location: 5SF
0-2: Ball
1-2: Strikes out swinging
Bottom of the 8th over - 0 runs, 1 hit, 0 errors, 2 left on base; St. Louis 7 - Seattle 8
TOP OF THE 9TH
St. Louis Cardinals batting - Pitching for Seattle Mariners : RHP Gary Kennedy
Now at 1B: Omar Perez
Now at 3B: Tim Larsen
Now at SS: Joe Weber
Now in LF: Juan Aranda
Pinch Hitting: LHB Edwin Longoria 0-0: Ball
1-0: Called Strike
1-1: Foul Ball, location: 3F
1-2: Ball
2-2: Ball
3-2: Fly out, F8 (Flyball, 8RD, EV 87.5 MPH)
Batting: LHB Jeremiah Ford 0-0: Called Strike
0-1: Swinging Strike
0-2: Ball
1-2: Ball
2-2: Ground out 4-3 (Groundball, 4, EV 90.0 MPH)
Pitching: RHP Mike Hartnagel
Batting: LHB Ricky Rios 0-0: Ball
1-0: Ball
2-0: Swinging Strike
2-1: Ball
3-1: Foul Ball, location: 23F
3-2: Base on Balls
Pinch Hitting: LHB Jose Nieto 0-0: Ball
1-0: Fly out, F7 (Flyball, 7LM, EV 87.5 MPH)
Top of the 9th over - 0 runs, 0 hits, 0 errors, 1 left on base; St. Louis 7 - Seattle 8
Sunday, April 14th , 2024 - OOTP Baseball 24.11 Build 85